cohdb
Replays
Latest Replays
All Replays
Popular Replays
Top Player Replays
Match Explorer
How It Works
Community
CoH3 Stats
Reddit
Sign in to upload your games and track your stats! →
Sign in with Steam
Match 39879026
Unlisted
Match 39879026
Overview
Messages
Build Orders
End
Kradschützen Motorcycle Team
Panzergrenadier Squad
250 Light Carrier
Construct Light Support Kompanie
Assault Grenadier Squad
Selects Panzerjäger Kommand Battlegroup
Selects Panzerjäger Kommand Battlegroup
Combat Half-tracks
MG34 Team
Panzerjäger Mechanized Group
Selects Mine Fields
Selects Early Warning
Construct Mechanized Kompanie
Support Armor Elements
Selects Tank Busters
StuG III D Assault Gun
Pak 38 Mechanized Group
StuG III D Assault Gun
MG34 Team
Veteran Squad Leaders
Panzergrenadier Squad
Vehicle Survival Package
Selects Butterfly Bomb Drop
Construct Panzerarmee Kommand
Butterfly Bomb Drop
Panzer III L Medium Tank
Selects Crew Shock Tactics
2.5-tonne Medical Truck
Panzer III L Medium Tank
Butterfly Bomb Drop
Tungsten Core Ammunition
Emergency Repair Kits
HIMYNAMEISHO
Nachosguy
a_rotator
sharpshooter
0
0
Comments
sign in to comment!
No comments posted yet!